 Dungeon Crawl Stone Soup version 0.31.0 (webtiles) character file.

Game seed: 2386974156479968874

361 Esekla the Ducker (level 6, -7/69 HPs)
             Began as a Demonspawn Wanderer on Jan 20, 2024.
             Mangled by an iguana (9 damage)
             ... on level 6 of the Dungeon.
             The game lasted 00:13:48 (2414 turns).

Esekla the Ducker (Demonspawn Wanderer)             Turns: 2414, Time: 00:13:49

Health: -7/69      AC: 23    Str: 10    XL:     6   Next: 38%
Magic:  0/12       EV:  2    Int: 16    God:
Gold:   221        SH:  0    Dex: 13    Spells: 8/12 levels left

rFire   . . .        a - +0 rapier
rCold   . . .        (no shield)
rNeg    . . .        j - melded +3 leather armour "Cour" {Int+2 Dex+3}
rPois   +            (helmet currently unavailable)
rElec   .            (cloak currently unavailable)
rCorr   .            (gloves currently unavailable)
SInv    .            (boots currently unavailable)
Will    .....        (no amulet)
Stlth   ++           i - ring of poison resistance
HPRegen 0.31/turn    (no ring)
MPRegen 0.26/turn

%: guardian spirit
@: mighty, tree-form, attractive, very slightly contaminated
A: stationary, stasis, torment immunity, boosted hp, (antennae 1), (hooves 1),
magic shield, magic regeneration, demonic magic 1, high MP 1, (heat
vulnerability 1)
a: no special abilities


You were on level 6 of the Dungeon.
You were a tree.
You visited 1 branch of the dungeon, and saw 5 of its levels.

You collected 221 gold pieces.

Inventory:

Hand Weapons
 a - a +0 rapier (weapon)
 q - a +1 heavy falchion
 r - a +0 spear of flaming
 s - a +0 dagger
Missiles
 f - 3 poisoned darts (quivered)
Armour
 j - the +3 leather armour "Cour" (melded) {Int+2 Dex+3}
   (You found it on level 2 of the Dungeon)

   Int+2:     It affects your intelligence (+2).
   Dex+3:     It affects your dexterity (+3).
Jewellery
 i - a ring of poison resistance (left branch)
Scrolls
 c - 2 scrolls of fog
 d - a scroll of vulnerability {unknown}
 e - a scroll of fear {unknown}
 g - 3 scrolls of identify {unknown}
 k - a scroll of noise {unknown}
 m - a scroll of revelation {unknown}
 p - a scroll of torment {unknown}
 t - a scroll of silence {unknown}
Potions
 h - a potion of mutation
 o - a potion of ambrosia {unknown}


   Skills:
 * Level 2.4 Fighting
 + Level 2.0 Short Blades
 + Level 1.8 Armour
 + Level 5.1 Dodging
 + Level 1.0 Stealth
 * Level 3.6 Spellcasting
 * Level 2.4 Ice Magic


You had 8 spell levels left.
You knew the following spells:

 Your Spells              Type           Power      Damage    Failure   Level
a - Freeze                Ice            40%        1d6       7%          1
r - Frozen Ramparts       Ice            20%        1d4       21%         3

Your spell library contained the following spells:

 Spells                   Type           Power      Damage    Failure   Level
 Kiss of Death            Conj/Necr      8%         2d6       19%         1
 Sandblast                Erth           4%         2d4       19%         1
 Confusing Touch          Hex            2%         N/A       47%         3
 Passwall                 Erth           2%         N/A       47%         3
 Stone Arrow              Conj/Erth      4%         3d7       47%         3
 Brom's Barrelling Bould  Conj/Erth      2%         2d3       87%         4
 Dispel Undead            Necr           2%         3d7       87%         4


Dungeon Overview and Level Annotations

Branches:
Dungeon (4/15)
 Temple: D:4-7

Altars:

Shops:
D:4 *


Innate Abilities, Weirdness & Mutations

You are a tree.
Your roots penetrate the ground, keeping you stationary.
You cannot be teleported.
You are immune to unholy pain and torment.
Your maximum health is greatly increased.
Your equipment is partially melded.
((You have a pair of small antennae on your head.))
((You have large cloven feet.))
When hurt, damage is shared between your health and your magic reserves.
You regenerate magic rapidly.
Spells you cast may paralyse adjacent enemies.
You have an increased reservoir of magic. (+10% MP)
((You are vulnerable to heat. (rF-)))


Message History

You hit the iguana but do no damage.
The iguana bites you but does no damage.
You hit the iguana.
The iguana is moderately wounded.
The iguana bites you but does no damage.
You closely miss the iguana.
The iguana is moderately wounded.
The iguana bites you but does no damage.
You hit the iguana but do no damage.
The iguana is moderately wounded.
The iguana bites you!
* * * LOW HITPOINT WARNING * * *
You barely miss the iguana.
The iguana is moderately wounded.
The iguana bites you but does no damage.
You completely miss the iguana.
The iguana is moderately wounded.
The iguana bites you but does no damage.
It was a potion of mutation.
You feel extremely strange.
You feel vulnerable to heat.
You feel more energetic.
The iguana bites you but does no damage.
You hit the iguana.
The iguana is moderately wounded.
The iguana bites you.
* * * LOW HITPOINT WARNING * * *
The iguana bites you but does no damage.
It was a potion of attraction.
You feel attractive to monsters. The iguana bites you.
* * * LOW HITPOINT WARNING * * *
It was a potion of might.
You feel very mighty all of a sudden.
The iguana bites you but does no damage.
You closely miss the iguana.
The iguana is moderately wounded.
The iguana bites you but does no damage.
You barely miss the iguana.
The iguana is moderately wounded.
The iguana bites you!
You die...

### #.. ######5# #......#
#.####.#########
...........l♣...#########
......#.##.####.........#
...........# ####.#.##.#
......####.# #.#.##.#
...l.. ..# #.#..#.# .....
##.# #.##.#.##### ....
#.# #........... ... ...
#......##### ... ####.###
#


You could see an iguana.

Vanquished Creatures
  A water moccasin (D:6)
  A scorpion (D:3)
  An orc priest (D:4)
  An orc wizard (D:4)
  6 adders
  2 ufetubi (D:6)
  A dart slug (D:1)
  10 orcs
  4 endoplasms
  4 giant cockroaches
  3 goblins
  6 hobgoblins
  A quokka (D:4)
  5 ball pythons
  6 bats
  3 frilled lizards (D:2)
  6 kobolds
  7 rats
68 creatures vanquished.

Notes
Turn   | Place    | Note
-------+----------+-------------------------------------------
     0 | D:1      | Esekla the Demonspawn Wanderer began the quest for the Orb.
     0 | D:1      | Esekla set off with the following items: a +0 dagger, a
                  | potion of lignification, a scroll of fog, a +2 leather
                  | armour; and the following spell memorised: Freeze; and the
                  | following spells available to memorise: Frozen Ramparts.
     0 | D:1      | Reached XP level 1. HP: 15/15 MP: 3/3
   530 | D:1      | Discovered your monstrous ancestry.
   530 | D:1      | Gained mutation: You have large cloven feet. [demonic
                  | ancestry]
   530 | D:1      | Reached XP level 2. HP: 21/21 MP: 5/5
   830 | D:2      | Gained mutation: You regenerate magic rapidly. [demonic
                  | ancestry]
   830 | D:2      | Reached XP level 3. HP: 26/26 MP: 6/6
   830 | D:2      | Identified the +3 leather armour "Cour" {Int+2 Dex+3}
   915 | D:1      | Learned a level 3 spell: Frozen Ramparts
  1070 | D:2      | Reached skill level 5 in Dodging
  1317 | D:2      | Gained mutation: You have a pair of small antennae on your
                  | head. [demonic ancestry]
  1317 | D:2      | Reached XP level 4. HP: 32/32 MP: 7/7
  1738 | D:3      | Reached skill level 1 in Short Blades
  1765 | D:3      | Noticed a scorpion
  1786 | D:3      | Killed a scorpion
  1787 | D:3      | Gained mutation: Spells you cast may paralyse adjacent
                  | enemies. [demonic ancestry]
  1787 | D:3      | Reached XP level 5. HP: 9/38 MP: 5/9
  2069 | D:4      | Found Ziosk's Assorted Antiques.
  2329 | D:4      | You fall into a shaft and drop 2 floors!
  2374 | D:6      | Noticed a water moccasin
  2396 | D:6      | Killed a water moccasin
  2397 | D:6      | Reached skill level 1 in Stealth
  2397 | D:6      | Gained mutation: When hurt, damage is shared between your
                  | health and your magic reserves. [demonic ancestry]
  2397 | D:6      | Reached XP level 6. HP: 23/46 MP: 6/11
  2409 | D:6      | Gained mutation: You are vulnerable to heat. (rF-) [potion
                  | of mutation]
  2409 | D:6      | Gained mutation: You have an increased reservoir of magic.
                  | (+10% MP) [potion of mutation]
  2411 | D:6      | HP: 1/69 [iguana (4)]
  2414 | D:6      | Mangled by an iguana

Illustrated notes

Levels and vault maps discovered:
D:1:      lightli_arrival_isolated_outpost, layout_basic
D:2:      layout_loops_ring
D:3:      layout_rooms
D:4:      layout_gridville, gammafunk_temple_overflow_claw,
          nicolae_overflow_two_pavilions, serial_shops, nicolae_take_the_stairs
D:6:      layout_loops_cross, slow_altar_1, tso_metal_star, serial_shops, shop,
          portal_sewer_entry_d, dilly_guarded_unrand_throatcut

Skill      XL: |  1  2  3  4  5 |
---------------+----------------+-----
Dodging        | 5 |  5.1
Short Blades   | 1 2 |  2.0
Fighting       | 2 |  2.4
Spellcasting   | 3 |  3.6
Ice Magic      | 2 |  2.4
Stealth        | 1 |  1.0
Armour         | |  1.8

Action                     |  1- 3 |  4- 6 || total
---------------------------+-------+-------++-------
  Melee: Dagger            |    55 |       ||    55
         Rapier            |    69 |   104 ||   173
         Kick              |    11 |    28 ||    39
  Throw: Dart              |     2 |     1 ||     3
   Cast: Frozen Ramparts   |       |    12 ||    12
    Use: Potion            |       |     4 ||     4
   Stab: Sleeping          |     2 |       ||     2
         Paralysed         |       |     4 ||     4
 Armour: Leather armour    |    69 |    43 ||   112
         Skin              |       |    14 ||    14
  Dodge: Dodged            |    88 |    52 ||   140
